 Dungeon Crawl Stone Soup version 0.28.0-53-g5a82cb258f (webtiles) character file.

Game seed: 11038229370928173455

1127 Zeld the Zephyrmancer (level 8, -11/41 HPs)
             Began as a Tengu Air Elementalist on June 15, 2022.
             Mangled by a seven-headed hydra (16 damage)
             ... on level 7 of the Dungeon.
             The game lasted 00:07:02 (6583 turns).

Zeld the Zephyrmancer (Tengu Air Elementalist)      Turns: 6583, Time: 00:07:02

Health: -11/41     AC:  2    Str:  8      XL:     8   Next: 35%
Magic:  0/17       EV: 14    Int: 17 (18) God:
Gold:   235        SH:  0    Dex: 15      Spells: 8/18 levels left

rFire   . . .      SeeInvis .   i - +2 whip (venom)
rCold   . . .      Faith    .   (no shield)
rNeg    . . .      Spirit   .   a - +0 robe
rPois   .          Reflect  .   (helmet restricted)
rElec   .          Harm     .   (no cloak)
rCorr   .          Rampage  .   (no gloves)
Will    .....                   (boots unavailable)
Stlth   ++........              (no amulet)
HPRegen 0.13/turn               (no ring)
MPRegen 0.15/turn               (no ring)

@: flying quickly and evasively, quick
A: beak, talons 3, nimble flight, deterioration 1, evolution 1, MP-powered
wands, noise suppression
a: no special abilities


You were on level 7 of the Dungeon.
You visited 1 branch of the dungeon, and saw 7 of its levels.

You collected 235 gold pieces.

Inventory:

Hand Weapons
 i - a +2 whip of venom (weapon)
Missiles
 j - 29 bolts
Armour
 a - a +0 robe (worn)
Wands
 c - a wand of digging (3)
 f - a wand of charming (13)
 o - a wand of paralysis (12)
 q - a wand of iceblast (8)
Scrolls
 d - 2 scrolls of enchant armour {unknown}
 e - 2 scrolls of identify {unknown}
 g - a scroll of amnesia {unknown}
 n - a scroll of vulnerability {unknown}
 p - a scroll of acquirement {unknown}
Potions
 b - a potion of curing
 h - a potion of resistance {unknown}
 k - a potion of mutation
 l - a potion of might {unknown}
 m - a potion of lignification {unknown}


   Skills:
 - Level 2.1 Dodging
 - Level 2.0 Stealth
 * Level 5.9 Spellcasting
 + Level 5.6 Conjurations
 * Level 8.9 Air Magic


You had 8 spell levels left.
You knew the following spells:

 Your Spells              Type           Power      Damage    Failure   Level
a - Shock                 Conj/Air       100%       1d9       1%          1
b - Static Discharge      Conj/Air       29%        N/A       1%          2
c - Swiftness             Air            35%        N/A       1%          3
d - Airstrike             Air            17%        N/A       3%          4

Your spell library contained the following spells:

 Spells                   Type           Power      Damage    Failure   Level
 Gell's Gravitas          Tloc           5%         N/A       36%         3
 Lesser Beckoning         Tloc           5%         N/A       36%         3
 Teleport Other           Tloc           5%         N/A       36%         3


Dungeon Overview and Level Annotations

Branches:
Dungeon (7/15)
 Temple: D:4-7

Altars:


Innate Abilities, Weirdness & Mutations

You have a beak for a mouth.
You have claws for feet.
Your magical nature lets you fly swiftly and evasively.
Your body sometimes deteriorates upon taking damage.
You have hidden genetic potential.
You expend magic power (3 MP) to strengthen your wands.
You passively dampen the noise of your surroundings.


Message History

Aiming: Airstrike (dangerous; 3% risk of failure)
Press: ? - help, Dir - move target, f/p - seven-headed hydra
Aim: a seven-headed hydra (moderately wounded, empty space bonus: 4/8)
The air twists around and strikes the seven-headed hydra!
The seven-headed hydra is heavily wounded.
Unknown command.
Found a war axe.
Casting: Airstrike (dangerous; 3% risk of failure)
Confirm with . or Enter, or press ? or * to list all spells.
Aiming: Airstrike (dangerous; 3% risk of failure)
Press: ? - help, Dir - move target, f/p - seven-headed hydra
Aim: a seven-headed hydra (heavily wounded, empty space bonus: 8/8)
The air twists around and strikes the seven-headed hydra!!
The seven-headed hydra is severely wounded.
Unknown command.
You see here a +0 war axe. 2 orcs come into view.
Casting: Airstrike (dangerous; 3% risk of failure)
Confirm with . or Enter, or press ? or * to list all spells.
Aiming: Airstrike (dangerous; 3% risk of failure)
Press: ? - help, Dir - move target, f/p - seven-headed hydra
Aim: a seven-headed hydra (heavily wounded, empty space bonus: 5/8)
The air twists around and strikes the seven-headed hydra!
The seven-headed hydra is severely wounded.
Unknown command.
Unknown command.
An orc wizard comes into view. It is wielding a +0 dagger.
The orc wizard shouts!
You hit the seven-headed hydra.
The seven-headed hydra is poisoned.
You claw the seven-headed hydra.
You peck the seven-headed hydra, but do no damage.
The seven-headed hydra is almost dead.
The orc shouts!
The seven-headed hydra bites you!
* * * LOW HITPOINT WARNING * * *
Your body deteriorates!
You feel dopey. The seven-headed hydra bites you.
* * * LOW HITPOINT WARNING * * *
The seven-headed hydra bites you!
You die...

..
#§.§# .
..#≈.≈#
.o#≈.§#
#.#≈§≈#
#o#§.≈#
#.#§.≈#
#.#§)≈#
#o#§.≈#
#@##.##
#.D..#
######


You could see a seven-headed hydra (very poisoned), an orc wizard and 2 orcs.

Vanquished Creatures
  A kobold demonologist (D:6)
  A black bear (D:5)
  An ogre (D:4)
  A bullfrog (D:5)
  3 scorpions
  A water moccasin zombie (D:5)
  A howler monkey (D:5)
  3 orc priests
  A bullfrog skeleton (D:6)
  A centaur skeleton (D:6)
  2 jellies (D:4)
  An iguana (D:6)
  2 orc wizards (D:6)
  3 adders
  3 dart slugs
  10 orcs
  4 bats
  9 endoplasms
  3 giant cockroaches (D:4)
  5 hobgoblins
  12 kobolds
  2 quokkas (D:4)
  A ball python (D:4)
  3 frilled lizards (D:1)
  2 goblins
  A rat (D:3)
77 creatures vanquished.

Vanquished Creatures (others)
  4 fungi (D:4)
  8 toadstools (D:4)
12 creatures vanquished.

Grand Total: 89 creatures vanquished

Notes
Turn   | Place    | Note
-------+----------+-------------------------------------------
     0 | D:1      | Zeld the Tengu Air Elementalist began the quest for the
                  | Orb.
     0 | D:1      | Reached XP level 1. HP: 10/10 MP: 4/4
    95 | D:1      | Reached XP level 2. HP: 7/15 MP: 1/6
    98 | D:1      | Learned a level 2 spell: Static Discharge
   473 | D:1      | Found a faded altar of an unknown god.
   606 | D:2      | Reached XP level 3. HP: 19/19 MP: 0/7
   614 | D:2      | Learned a level 3 spell: Swiftness
  1487 | D:4      | Reached skill level 5 in Air Magic
  1487 | D:4      | Reached XP level 4. HP: 7/24 MP: 1/9
  2624 | D:4      | Gained mutation: Your magical nature lets you fly swiftly
                  | and evasively. [Tengu growth]
  2624 | D:4      | Reached XP level 5. HP: 16/28 MP: 6/11
  2642 | D:4      | Learned a level 4 spell: Airstrike
  3314 | D:4      | Noticed an ogre
  3319 | D:4      | Killed an ogre
  3320 | D:4      | Reached skill level 6 in Air Magic
  3320 | D:4      | Reached XP level 6. HP: 32/32 MP: 2/12
  3612 | D:5      | Entered Level 5 of the Dungeon
  4039 | D:5      | Noticed a sky beast
  4047 | D:5      | Noticed a black bear
  4062 | D:5      | Killed a black bear
  4231 | D:5      | Reached skill level 7 in Air Magic
  4231 | D:5      | Reached XP level 7. HP: 27/36 MP: 1/14
  4488 | D:5      | Gained mutation: Your body sometimes deteriorates upon
                  | taking damage. [potion of mutation]
  4488 | D:5      | Gained mutation: You passively dampen the noise of your
                  | surroundings. [potion of mutation]
  4488 | D:5      | Gained mutation: You have hidden genetic potential. [potion
                  | of mutation]
  5275 | D:5      | Reached skill level 5 in Spellcasting
  5980 | D:6      | Reached skill level 8 in Air Magic
  6287 | D:6      | Reached skill level 5 in Conjurations
  6430 | D:6      | Noticed a death knight
  6431 | D:6      | Noticed a kobold demonologist
  6441 | D:6      | Noticed a red devil
  6444 | D:6      | Noticed a soul eater
  6446 | D:6      | Reached XP level 8. HP: 31/41 MP: 12/17
  6449 | D:6      | Noticed a red devil
  6472 | D:6      | Killed a kobold demonologist
  6488 | D:6      | Gained mutation: You expend magic power (3 MP) to
                  | strengthen your wands. [hidden potential]
  6559 | D:7      | Noticed a seven-headed hydra
  6583 | D:7      | Mangled by a seven-headed hydra

Illustrated notes

Levels and vault maps discovered:
D:1:      noname_arrival_rooms_in_the_neighbourhood, layout_rooms,
          dreamdust_ecumenical_altar_statues
D:2:      layout_loops_ring, basic_altar, minivault_24, uniq_robin, uniq_sigmund
D:3:      layout_basic, minivault_24, uniq_crazy_yiuf_cottage
D:4:      cheibrodos_fertilizer, layout_loops_ring
D:5:      layout_basic, lightli_corner_chamber
D:6:      minmay_chambers_of_sixes, layout_basic, mainiacjoe_overflow_swirl
D:7:      minmay_the_grid_triangle_9x9_rhombus_full
          [minmay_the_grid_triangle_9x9_windchime,
          minmay_the_grid_triangle_9x9_alien,
          minmay_the_grid_triangle_9x9_corruption,
          minmay_the_grid_triangle_9x9_negative_grid,
          minmay_the_grid_triangle_9x9_longest,
          minmay_the_grid_triangle_9x9_odd_lines,
          minmay_the_grid_triangle_9x9_shrine,
          minmay_the_grid_triangle_9x9_prize_center], layout_rooms,
          zin_scriptorium, mainiacjoe_overflow_cross_hatched, temple_fountains,
          enter_bailey_4, amcnicky_mini_rare_corridor_liquid, st_stairs_8,
          minmay_misc_feat_room

Skill      XL: |  1  2  3  4  5  6  7 |
---------------+----------------------+-----
Conjurations   | 2 3 4 5 |  5.6
Spellcasting   | 3 4 5 |  5.9
Air Magic      | 5 6 7 8 |  8.9
Dodging        | |  2.1
Stealth        | |  2.0

Action                   |  1- 3 |  4- 6 |  7- 9 || total
-------------------------+-------+-------+-------++-------
Melee: Unarmed           |    11 |     4 |       ||    15
       Kick              |     2 |    15 |    17 ||    34
       Peck              |     1 |     4 |    10 ||    15
       Whip              |       |    41 |    42 ||    83
       Punch             |       |       |     1 ||     1
 Cast: Shock             |    42 |    19 |     4 ||    65
       Static Discharge  |     7 |    13 |     3 ||    23
       Swiftness         |       |     1 |     1 ||     2
       Airstrike         |       |     7 |    11 ||    18
  Use: Potion            |       |       |     5 ||     5
Armor: Robe              |     3 |    10 |    13 ||    26
Dodge: Dodged            |    10 |    47 |    28 ||    85
